 Dungeon Crawl Stone Soup version 0.30.0-15-g856e2d3f33 (webtiles) character file.

Game seed: 7739254593212962585

20787 Strat the Cleaver (level 12, -15/77 HPs)
             Began as a Gargoyle Fighter on May 19, 2023.
             Was a High Priest of the Shining One.
             Killed from afar by a deep elf pyromancer (28 damage)
             ... with a bolt of fire
             ... on level 12 of the Dungeon.
             The game lasted 00:24:19 (13280 turns).

Strat the Cleaver (Gargoyle Fighter)               Turns: 13280, Time: 00:24:21

Health: -15/77     AC: 28    Str: 31    XL:     12   Next: 83%
Magic:  18/18      EV:  8    Int:  9    God:    the Shining One [*****.]
Gold:   614        SH:  4    Dex:  9    Spells: 11/11 levels left

rFire   . . .        a - +0 war axe
rCold   . . .        c - +0 buckler
rNeg    + + +        R - +0 plate armour
rPois   ∞            (no helmet)
rElec   +            G - +1 cloak {Stlth+}
rCorr   .            L - +0 pair of gloves
SInv    .            l - +0 pair of boots
Will    .....        k - amulet of the acrobat Stlth
                     Q - +6 ring of strength
HPRegen 0.32/turn    (no ring)
MPRegen 0.16/turn

%: acrobat
@: about to teleport, glowing, studying 2 skills
A: sickness immunity, AC +8, negative energy resistance 1, electricity
resistance, torment resistance 1, petrification resistance
a: Renounce Religion, Divine Shield, Cleansing Flame, Summon Divine Warrior


You were on level 12 of the Dungeon.
You worshipped the Shining One.
The Shining One was extremely pleased with you.
You visited 2 branches of the dungeon, and saw 13 of its levels.

You collected 684 gold pieces.
You spent 70 gold pieces at shops.

Inventory:

Hand Weapons
 a - a +0 war axe (weapon)
 b - a +3 morningstar of freezing
 I - a +1 whip of electrocution
Missiles
 N - 2 throwing nets (quivered)
Armour
 c - a +0 buckler (worn)
 l - a +0 pair of boots (worn)
 v - a +0 chain mail
 A - a +0 scale mail
 G - a +1 cloak of stealth (worn)
 L - a +0 pair of gloves (worn)
 R - a +0 plate armour (worn)
Jewellery
 k - an amulet of the acrobat (around neck)
 n - an amulet of faith
 o - a ring of fire
 y - an amulet of reflection
 Q - a +6 ring of strength (left hand)
Wands
 i - a wand of polymorph (9)
 p - a wand of digging (3)
 D - a wand of roots (18)
 H - a wand of paralysis (14)
 P - a wand of quicksilver (4)
 S - a wand of flame (10)
Scrolls
 e - 6 scrolls of teleportation
 f - 2 scrolls of butterflies {unknown}
 j - 5 scrolls of enchant armour {unknown}
 m - 9 scrolls of identify
 q - 2 scrolls of immolation {unknown}
 t - a scroll of vulnerability {unknown}
 w - 2 scrolls of fog {unknown}
 x - a scroll of blinking {unknown}
 z - 4 scrolls of fear {unknown}
 F - a scroll of enchant weapon {unknown}
 K - a scroll of amnesia {unknown}
 M - 2 scrolls of magic mapping {unknown}
 T - a scroll of noise {unknown}
Potions
 d - a potion of might
 g - 5 potions of flight
 h - 4 potions of curing
 r - 2 potions of attraction
 s - 2 potions of berserk rage
 u - 2 potions of invisibility
 B - 2 potions of ambrosia
 C - 2 potions of brilliance
 E - 4 potions of mutation
 J - 3 potions of heal wounds
 O - 3 potions of degeneration {unknown}


   Skills:
 - Level 10.0 Fighting
 + Level 14.2 Axes
 - Level 10.0 Armour
 - Level 3.2 Shields
 + Level 8.8 Invocations


You had 11 spell levels left.
You didn't know any spells.
Your spell library contained the following spells:

 Spells                   Type           Power      Damage    Failure   Level
 Magic Dart               Conj           0%         1d3       97%         1
 Call Imp                 Summ           0%         N/A       99%         2
 Ensorcelled Hibernation  Hex/Ice        0%         N/A       99%         2
 Call Canine Familiar     Summ           0%         N/A       100%        3
 Ignite Poison            Fire/Tmut/Pois 0%         N/A       100%        3
 Mephitic Cloud           Conj/Pois/Air  0%         N/A       100%        3
 Portal Projectile        Hex/Tloc       0%         N/A       100%        3
 Spider Form              Tmut/Pois      0%         N/A       100%        3
 Tukima's Dance           Hex            0%         N/A       100%        3
 Anguish                  Hex/Necr       0%         N/A       100%        4
 Leda's Liquefaction      Hex/Erth       0%         N/A       100%        4
 Olgreb's Toxic Radiance  Pois           0%         N/A       100%        4
 Sticky Flame             Conj/Fire      0%         2d3       100%        4
 Summon Lightning Spire   Summ/Air       0%         N/A       100%        4
 Blade Hands              Tmut           0%         N/A       100%        5
 Spellforged Servitor     Conj/Summ      0%         N/A       100%        7
 Discord                  Hex            0%         N/A       100%        8
 Ignition                 Fire           0%         3d3       100%        8
 Cigotuvi's Dreadful Rot  Necr/Pois/Air  Unusable   N/A       N/A         2

Dungeon Overview and Level Annotations

Branches:
Dungeon (12/15)            Temple (1/1) D:4            Lair (0/5) D:10
    Orc (0/2) D:10

Altars:
Ashenzari
Cheibriados
Dithmenos
Elyvilon
Fedhas
Gozag
Hepliaklqana
Kikubaaqudgha
Makhleb
Nemelex Xobeh
Okawaru
Qazlal
Ru
Sif Muna
Trog
Uskayaw
Vehumet
Wu Jian
Xom
Yredelemnul
Zin
The Shining One

Shops:
D:1 ?   D:10 (

Annotations:
D:3 1 runed translucent door, Crazy Yiuf, Sigmund


Innate Abilities, Weirdness & Mutations

You are immune to sickness and miasma.
Your stone body is resilient. (AC +8)
You are immune to poison.
You resist negative energy. (rN+)
You are resistant to electric shocks. (rElec)
You are resistant to unholy torment.
You are immune to petrification.


Message History

You kill the unseen horror!
You barely miss the fire elemental. The fire elemental hits you.
The fire elemental burns you!
* * * LOW HITPOINT WARNING * * *
You are too injured to fight recklessly!
You are too injured to fight recklessly!
Unknown command.
The deep elf pyromancer hits you but does no damage.
The fire elemental misses you.
You hit the deep elf pyromancer.
The deep elf pyromancer is lightly wounded.
You hit the fire elemental. You barely miss the fire elemental.
You block the deep elf pyromancer's attack.
The fire elemental hits you. The fire elemental burns you!
* * * LOW HITPOINT WARNING * * *
The fire elemental hits you.
You slash the deep elf pyromancer!
The deep elf pyromancer is moderately wounded.
You slash the fire elemental! You completely miss the fire elemental.
The fire elemental hits you. The fire elemental burns you!
* * * LOW HITPOINT WARNING * * *
The fire elemental misses you.
The deep elf pyromancer gestures at you while chanting.
The bolt of fire hits you!
* * * LOW HITPOINT WARNING * * *
You feel much better. The fire elemental hits you.
The fire elemental burns you!
* * * LOW HITPOINT WARNING * * *
The fire elemental hits you. The fire elemental burns you!
* * * LOW HITPOINT WARNING * * *
The fire elemental hits you.
The deep elf pyromancer closely misses you.
As you read the scroll of teleportation, it crumbles to dust.
You feel strangely unstable. The fire elemental hits you.
The fire elemental burns you!
* * * LOW HITPOINT WARNING * * *
The fire elemental hits you. You block the fire elemental's attack.
The deep elf pyromancer gestures at you while chanting.
The bolt of fire hits you!!
You die...

#...## ###..#
######.##
#.......#
#.......#
#..!....###
####........?#
?.....E....#.#
####..E@...#.#
#.○Ee..?# .
###.##### # #.
#. ##


You could see a deep elf pyromancer and 3 fire elementals.

Vanquished Creatures
  5 two-headed ogres
  A centaur warrior (D:10)
  Pikel (D:6)
  An ugly thing (D:8)
  A cyclops (D:11)
  7 centaur zombies (D:11)
  A komodo dragon (D:11)
  A kobold demonologist (D:6)
  3 unseen horrors
  A tengu conjurer (D:8)
  2 trolls
  A hornet (D:10)
  6 shadows
  4 vampires (D:11)
  Grum (D:8)
  4 wraiths
  17 yaks
  A basilisk (D:11)
  3 wargs (D:10)
  Menkaure (D:6)
  2 vampire mosquitoes (D:11)
  2 steam dragons (D:8)
  An acid dragon (D:11)
  2 water moccasins
  5 orc warriors
  4 black bears
  An ice beast (D:6)
  2 wolves (D:8)
  13 centaurs
  2 lemures (D:5)
  A phantom (D:6)
  Blork the orc (D:6)
  A bullfrog (D:8)
  9 kobold brigands
  5 scorpions
  9 wights
  5 killer bees
  4 howler monkeys (D:10)
  A jelly (D:5)
  2 hounds
  2 gnoll boudas
  14 orc priests
  A sleepcap (D:5)
  5 iguanas
  13 orc wizards
  A howler monkey zombie (D:11)
  18 gnolls
  7 adders
  2 shadow imps
  2 white imps
  2 ufetubi
  A worm (D:2)
  4 dart slugs
  46 orcs
  6 ball pythons
  9 endoplasms
  5 giant cockroaches
  4 goblins
  7 hobgoblins
  3 jackals (D:4)
  4 quokkas
  6 bats
  3 frilled lizards
  52 kobolds
  A rat (D:3)
352 creatures vanquished.

Notes
Turn   | Place    | Note
-------+----------+-------------------------------------------
     0 | D:1      | Strat the Gargoyle Fighter began the quest for the Orb.
     0 | D:1      | Reached XP level 1. HP: 14/14 MP: 1/1
    67 | D:1      | Found Xosoisir's Magic Scroll Shop.
    84 | D:1      | Reached skill level 2 in Axes
   176 | D:1      | Reached XP level 2. HP: 5/19 MP: 2/2
   511 | D:1      | Reached skill level 3 in Axes
   511 | D:1      | Reached XP level 3. HP: 18/23 MP: 3/3
  1011 | D:2      | Found a bloodstained altar of Trog.
  1213 | D:2      | Reached XP level 4. HP: 25/28 MP: 4/4
  1247 | D:2      | Found a faded altar of an unknown god.
  1524 | D:3      | Reached skill level 4 in Axes
  1596 | D:3      | Found a runed translucent door.
  1596 | D:3      | Noticed Sigmund
  1597 | D:3      | Noticed Crazy Yiuf
  2214 | D:3      | Reached XP level 5. HP: 32/32 MP: 5/5
  2240 | D:3      | Reached skill level 5 in Axes
  2886 | D:4      | Reached XP level 6. HP: 36/38 MP: 6/6
  2958 | D:4      | Found a staircase to the Ecumenical Temple.
  2973 | Temple   | Entered the Ecumenical Temple
  3116 | D:4      | Found a burning altar of Makhleb.
  3588 | D:4      | Noticed a black bear
  3611 | D:4      | Killed a black bear
  3612 | D:4      | Reached XP level 7. HP: 44/44 MP: 7/7
  4051 | D:5      | Entered Level 5 of the Dungeon
  4062 | D:5      | Reached skill level 5 in Fighting
  4062 | D:5      | Reached skill level 6 in Axes
  4062 | D:5      | Reached skill level 5 in Armour
  4081 | D:5      | Found a radiant altar of Vehumet.
  4162 | D:5      | Found a glowing golden altar of the Shining One.
  4164 | D:5      | Noticed an angel
  4169 | D:5      | Became a worshipper of the Shining One
  4221 | D:5      | Found a basalt altar of Yredelemnul.
  4223 | D:5      | Noticed a profane servitor
  4437 | D:5      | Reached XP level 8. HP: 46/49 MP: 8/8
  4479 | D:5      | Reached skill level 7 in Axes
  4984 | D:5      | Found a sacrificial altar of Ru.
  5151 | D:6      | Noticed Pikel
  5300 | D:1      | Bought a scroll of teleportation for 42 gold pieces
  5300 | D:1      | Bought a scroll of identify for 28 gold pieces
  5851 | D:6      | Reached skill level 8 in Axes
  5925 | D:6      | Killed Pikel
  5926 | D:6      | Reached skill level 9 in Axes
  5926 | D:6      | Reached XP level 9. HP: 49/54 MP: 9/9
  6114 | D:6      | Reached skill level 10 in Axes
  6193 | D:6      | Found an iron altar of Okawaru.
  6197 | D:6      | Noticed Blork the orc
  6203 | D:6      | Killed Blork the orc
  6261 | D:6      | Noticed Menkaure
  6275 | D:6      | Killed Menkaure
  6433 | D:6      | Reached * piety under the Shining One
  6759 | D:7      | Noticed a kobold demonologist
  6762 | D:7      | Noticed an ice devil
  6772 | D:6      | Killed a kobold demonologist
  6773 | D:6      | Reached XP level 10. HP: 61/61 MP: 10/10
  6909 | D:7      | Noticed a two-headed ogre
  7328 | D:7      | Found a shadowy altar of Dithmenos.
  7453 | D:7      | Found a bloodstained altar of Trog.
  7541 | D:7      | Got Sif Muna's Writings on Impurities and Phantasms
  7568 | D:7      | Killed a two-headed ogre
  7569 | D:7      | Reached skill level 11 in Axes
  8103 | D:8      | Reached ** piety under the Shining One
  8121 | D:8      | Noticed a two-headed ogre
  8245 | D:7      | Killed a two-headed ogre
  8405 | D:8      | Found a white marble altar of Elyvilon.
  8710 | D:8      | Noticed Grum
  8739 | D:8      | Killed Grum
  8740 | D:8      | Reached XP level 11. HP: 50/69 MP: 11/11
  9014 | D:8      | Noticed a brown ugly thing
  9028 | D:8      | Killed a brown ugly thing
  9438 | D:9      | Reached skill level 12 in Axes
  9443 | D:9      | Reached skill level 10 in Armour
  9563 | D:9      | Reached *** piety under the Shining One
  9713 | D:9      | Found an ancient bone altar of Kikubaaqudgha.
 10119 | D:10     | Entered Level 10 of the Dungeon
 10175 | D:10     | Reached skill level 10 in Fighting
 10224 | D:10     | Found a staircase to the Lair.
 10274 | D:10     | Reached skill level 1 in Invocations
 10457 | D:10     | Found a broken altar of Ashenzari.
 10732 | D:10     | Found Keala's Weapon Boutique.
 10733 | D:10     | Found a staircase to the Orcish Mines.
 11149 | D:10     | Found a blossoming altar of Fedhas.
 11328 | D:11     | Noticed a centaur warrior
 11423 | D:10     | Killed a centaur warrior
 11744 | D:11     | Reached **** piety under the Shining One
 11753 | D:11     | Reached skill level 13 in Axes
 11763 | D:11     | Reached XP level 12. HP: 48/77 MP: 15/15
 11771 | D:11     | Reached skill level 5 in Invocations
 12301 | D:11     | Reached ***** piety under the Shining One
 12741 | D:12     | Noticed a two-headed ogre
 12759 | D:12     | Killed a two-headed ogre
 12760 | D:12     | Reached skill level 14 in Axes
 13073 | D:12     | Noticed a two-headed ogre
 13092 | D:12     | Killed a two-headed ogre
 13167 | D:12     | Noticed a two-headed ogre
 13219 | D:12     | Killed a two-headed ogre
 13280 | D:12     | Killed from afar by a deep elf pyromancer

Illustrated notes

Levels and vault maps discovered:
D:1:      lemuel_arrival_river_bridge, layout_loops_cross, serial_shops,
          nicolae_square_shop
D:2:      layout_loops_cross, shapermc_ecumenical_altar_mp_vishouse, basic_altar
D:3:      layout_basic, minmay_vboxes, uniq_crazy_yiuf_cottage, uniq_sigmund
D:4:      layout_loops_ring, makhleb_blood_cavern_becter,
          minmay_temple_entry_grid
D:5:      layout_cave_pods, grunt_temple_overflow_holy_war,
          mainiacjoe_overflow_six_doors_small, vehumet_crystals
D:6:      layout_basic, okawaru_trees_2, minmay_manual_monstrance, uniq_pikel,
          uniq_blork_the_orc, uniq_menkaure
D:7:      layout_cave_pools, mainiacjoe_overflow_brackets,
          mainiacjoe_overflow_concentric_impassable, corexii_leaking_fountain,
          roderic_serpentine_path, minmay_misc_feat_rows
D:8:      layout_rooms, mainiacjoe_overflow_alcove_4, minmay_manual_macuahuitl,
          uniq_grum
D:9:      layout_roguey, kiku_gazebo_pond_becter
D:10:     layout_stronghold, ashenzari_altar_1, fedhas_altar_1,
          erik_lair_orcish_takeover, orc_david_3
D:11:     layout_long_grid, serial_undead, serial_undead_d, serial_undead_a,
          serial_undead_a, serial_undead_f, serial_undead_b, serial_undead_f
D:12:     layout_roguey, pdpol_wu_jian_five_deadly_venoms
Temple:   hellmonk_temple_beads

Skill      XL: |  1  2  3  4  5  6  7  8  9 10 11 12 |
---------------+-------------------------------------+-----
Axes           | 2 3 4 5 6 9 10 11 13 14 | 14.2
Fighting       | 4 5 6 8 10 | 10.0
Armour         | 4 5 6 8 10 | 10.0
Invocations    | 4 8 |  8.8
Shields        | |  3.2

Action                     |  1- 3 |  4- 6 |  7- 9 | 10-12 || total
---------------------------+-------+-------+-------+-------++-------
  Melee: War axe           |    90 |   147 |   212 |   774 ||  1223
         Hand axe          |       |       |    76 |       ||    76
  Evoke: Wand              |       |       |     1 |    10 ||    11
    Use: Potion            |       |     1 |     4 |     6 ||    11
         Scroll            |       |       |     7 |     3 ||    10
 Armour: Scale mail        |    46 |    52 |       |       ||    98
         Chain mail        |       |    16 |   162 |   267 ||   445
         Plate armour      |       |       |       |   243 ||   243
  Dodge: Dodged            |    53 |    86 |   112 |   421 ||   672
  Block: Buckler           |    21 |    20 |    49 |   163 ||   253
